 Dungeon Crawl Stone Soup version 0.28.0-53-g5a82cb258f (webtiles) character file.

Game seed: 12190592535219713933

9 Tirrikindir the Shield-Bearer (level 2, 21/21 HPs)
             Began as an Octopode Fighter on Aug 16, 2022.
             Was a Follower of Fedhas.
             Got out of the dungeon alive.
             The game lasted 00:00:46 (388 turns).

Tirrikindir the Shield-Bearer (Octopode Fighter)     Turns: 388, Time: 00:00:47

Health: 21/21      AC:  1    Str: 15    XL:     2   Next: 12%
Magic:  2/2        EV: 13    Int: 10    God:    Fedhas [*.....]
Gold:   0          SH:  4    Dex: 11    Spells: 1/1 levels left

rFire   . . .      SeeInvis .   a - +0 long sword
rCold   . . .      Faith    .   b - +0 buckler
rNeg    . . .      Spirit   .   (helmet restricted)
rPois   .          Reflect  .   (no amulet)
rElec   .          Harm     .   (no ring)
rCorr   .          Rampage  .   (no ring)
Will    .....                   (no ring)
Stlth   ++........              (no ring)
HPRegen 0.07/turn               (no ring)
MPRegen 0.08/turn               (no ring)
                                (no ring)
                                (no ring)

@: no status effects
A: almost no armour, amphibious, 8 rings, camouflage 1, gelatinous body 1,
(nimble swimmer 1), tentacles
a: Renounce Religion


You escaped.
You worshipped Fedhas.
Fedhas was aware of your devotion.
You visited 1 branch of the dungeon, and saw 1 of its levels.

Inventory:

Hand Weapons
 a - a +0 long sword (weapon)
Armour
 b - a +0 buckler (worn)
Scrolls
 e - a scroll of summoning {unknown}
Potions
 c - a potion of might
 d - a potion of curing {unknown}


   Skills:
 + Level 3.0 Fighting
 * Level 2.2 Long Blades
 + Level 3.1 Dodging
 + Level 0.8 Stealth
 + Level 3.1 Shields


You had one spell level left.
You didn't know any spells.
Your spell library contained the following spells:

 Spells                   Type           Power      Damage    Failure   Level
 Call Canine Familiar     Summ           0%         N/A       83%         3
 Portal Projectile        Hex/Tloc       0%         N/A       83%         3
 Leda's Liquefaction      Hex/Erth       0%         N/A       99%         4


Dungeon Overview and Level Annotations

Branches:
Dungeon (1/15)

Altars:
Fedhas


Innate Abilities, Weirdness & Mutations

You cannot wear most types of armour.
You are amphibious.
You can wear up to eight rings at the same time.
Your skin changes colour to match your surroundings (Stealth+).
Your rubbery body absorbs attacks. (AC +1, EV +1)
((You are camouflaged when in or above water. (Stealth+)))
You have tentacles for arms and can constrict up to eight enemies at once.


Message History

You kill the goblin!
You see here a +0 dagger.
You hit the plant.
The plant begins to die.
You grab the plant. You squeeze the plant.
The plant is lightly damaged.
You constrict the plant.
You release your grip on the plant.
You slash the plant!
The plant begins to die.
You grab the plant. You squeeze the plant.
The plant is lightly damaged.
You constrict the plant.
A nearby plant withers and dies.
You release your grip on the plant.
You slash the fungus!
The fungus begins to die.
You grab the fungus.
The fungus is lightly damaged.
You constrict the fungus. You hit the plant.
The plant begins to die.
You grab the plant.
The plant is lightly damaged.
You constrict the fungus. You constrict the plant.
A nearby plant withers and dies.
You release your grip on the fungus.
You release your grip on the plant.
A nearby fungus withers and dies.
Found a faded altar of an unknown god.
You completely miss the plant. You grab the plant. You constrict the plant.
The plant begins to die.
You release your grip on the plant.
There is a faded altar of an unknown god here.
You cannot tell which god this altar belongs to.
Convert to them anyway?
Fedhas accepts your prayer! Fedhas welcomes you!
The plants of the dungeon cease their hostilities.
A nearby plant withers and dies.
(D) Dungeon
Where to? (? - help)
What level of the Dungeon? (default 1, ? - help)
You see here 21 stones.
You see here a +0 ring mail.
Found 17 gold pieces.
There is a staircase leading out of the dungeon here.
Are you sure you want to leave the Dungeon?
This will make you lose the game!
You have escaped!

###.†..# ##....♣♣.......♣♣
##.#.# #..#♣♣.♣♣♣♣♣♣♣.♣♣ #.#÷#
#..♣♣.♣♣.....♣♣.♣♣ #.#.#
#..♣.♣♣.♣♣♣♣♣.♣♣.♣
####.#÷######...♣♣.♣♣...♣♣.♣.♣
.....#..........♣.♣♣.♣♣♣.♣.♣.♣♣
##...#####..♣♣.♣..♣8♣.♣.♣.8♣
####....# #..♣..♣.♣....♣.♣.♣♣
.....(..# ##.♣@♣♣.♣.♣8♣..♣.♣
####...## #.♣♣♣.♣♣.♣♣♣.♣♣.♣
##.## #.♣♣8.♣8....♣♣.♣♣
#####.########..♣♣.♣♣♣♣♣♣♣.♣♣
............# # ♣♣.......♣♣
#####.#####.# ♣♣♣♣8♣♣♣♣ # #.#
♣♣♣ # #.# # #.#


There were no monsters in sight!

Vanquished Creatures
  A bat (D:1)
  A goblin (D:1)
  4 jackals (D:1)
  A frilled lizard (D:1)
7 creatures vanquished.

Vanquished Creatures (others)
  A fungus (D:1)
  4 plants (D:1)
5 creatures vanquished.

Grand Total: 12 creatures vanquished

Notes
Turn   | Place    | Note
-------+----------+-------------------------------------------
     0 | D:1      | Tirrikindir the Octopode Fighter began the quest for the
                  | Orb.
     0 | D:1      | Reached XP level 1. HP: 16/16 MP: 1/1
   107 | D:1      | Reached XP level 2. HP: 15/21 MP: 2/2
   266 | D:1      | Found a faded altar of an unknown god.
   270 | D:1      | Prayed at the altar of an unknown god.
   270 | D:1      | Became a worshipper of Fedhas Madash
   270 | D:1      | Reached * piety under Fedhas
   388 | D:$      | Got out of the dungeon alive.

Illustrated notes

Levels and vault maps discovered:
D:1:      nagdon_arrival_double_spiral, layout_loops_ring,
          shapermc_ecumenical_altar_mp_ritualfount,
          hangedman_decor_clover_reticule

Action                   || total
-------------------------++-------
Melee: Long sword        ||    19
       Constrict         ||     8
       Tentacles         ||     4
 Stab: Sleeping          ||     1
Armor: Skin              ||     2
Dodge: Dodged            ||     6
Block: Buckler           ||     3
